 Dungeon Crawl Stone Soup version 0.28-a0-1412-gf95308ed99 (webtiles) character file.

Game seed: 15993374596050344394

215 kae the Changer (level 5, -6/40 HPs)
             Began as a Draconian Transmuter on Jan 6, 2022.
             Splashed by a jelly's acid (11 damage)
             ... on level 4 of the Dungeon.
             The game lasted 00:01:50 (3299 turns).

kae the Changer (Draconian Transmuter)              Turns: 3299, Time: 00:01:50

Health: -6/40      AC: -6    Str: 12    XL:     5   Next: 60%
Magic:  6/9        EV: 19    Int: 15    God:
Gold:   103        SH:  0    Dex: 17    Spells: 2/10 levels left

rFire   . . .      SeeInvis .     - Unarmed
rCold   . . .      Faith    .   (shield currently unavailable)
rNeg    . . .      Spirit   .   (armour unavailable)
rPois   x          Reflect  .   (helmet currently unavailable)
rElec   .          Harm     .   (cloak currently unavailable)
rCorr   .          Rampage  .   (gloves currently unavailable)
Will    .....                   (boots currently unavailable)
Stlth   ++........              (no amulet)
HPRegen 0.13/turn               (no ring)
MPRegen 0.11/turn               (no ring)

@: spider-form, corroded
A: venomous fangs, AC +5, tiny, unfitting armour, (cold-blooded)
a: End Transformation


You were on level 4 of the Dungeon.
You were a venomous arachnid creature.
You visited 1 branch of the dungeon, and saw 4 of its levels.

You collected 103 gold pieces.

Inventory:

Wands
 i - a wand of digging (7)
Scrolls
 b - a scroll of holy word
 e - a scroll of identify
 h - a scroll of amnesia
Potions
 c - a potion of resistance {unknown}
 d - a potion of curing {unknown}
 g - 2 potions of degeneration {unknown}


   Skills:
 - Level 1.1 Fighting
 - Level 1.7 Dodging
 - Level 3.0 Unarmed Combat
 + Level 3.3 Spellcasting
 * Level 4.6 Transmutations
 * Level 1.3 Ice Magic
 - Level 1.0 Poison Magic


You had 2 spell levels left.
You knew the following spells:

 Your Spells              Type           Power      Damage    Failure   Level
a - Beastly Appendage     Tmut           32%        N/A       11%         1
b - Spider Form           Tmut/Pois      10%        N/A       38%         3
c - Ice Form              Ice/Tmut       11%        N/A       71%         4

Your spell library contained the following spells:

 Spells                   Type           Power      Damage    Failure   Level
 Wereblood                Tmut           16%        N/A       13%         2


Dungeon Overview and Level Annotations

Branches:
Dungeon (4/15)
 Temple: D:4-7

Altars:

Shops:
D:2 (   D:3 (


Innate Abilities, Weirdness & Mutations

You are a venomous arachnid creature.
You have poisonous fangs.
You are tiny and dextrous.
Your spellcasting is less reliable in this form.
Your armour is entirely melded.
You are incapable of wielding weapons or throwing items.
((Your plain brown scales are hard. (AC +5)))
You cannot fit into any form of body armour.
((You are cold-blooded and may be slowed by cold attacks.))


Message History

Done waiting.
(D) Dungeon
Where to? (Enter - D:4, ? - help)
You see here a +0 club.
There is a stone staircase leading down here.
You climb downwards.
The jelly jiggles.
Found 15 gold pieces.
There is a stone staircase leading up here.
A jelly is nearby!
As you read the scroll labelled FOTEAB IROTO, it crumbles to dust.
The scroll dissolves into smoke.
It was a scroll of fog.
The jelly hits you but does no damage.
Okay, then.
Okay, then.
Casting: Beastly Appendage (safe; 3% risk of failure)
Confirm with . or Enter, or press ? or * to list all spells.
The spell is quite dangerous to miscast (19% risk of failure)!
Continue anyway? [Y]es or [N]o only, please.
The spell is quite dangerous to miscast (19% risk of failure)!
Continue anyway? [Y]es or [N]o only, please.
The spell is quite dangerous to miscast (19% risk of failure)!
Continue anyway?
You turn into a venomous arachnid creature.
The jelly hits you.
You are splashed with acid!
You hit the jelly but do no damage. The acid corrodes you!
Your front legs burn!
The jelly closely misses you.
You bite the jelly!
Your front legs burn!
The jelly is heavily wounded.
The jelly completely misses you.
You hit the jelly.
The jelly is poisoned.
Your front legs burn!
The jelly is heavily wounded.
The jelly hits you.
You are splashed with acid!
* * * LOW HITPOINT WARNING * * *
You hit the jelly.
Your front legs burn!
* * * LOW HITPOINT WARNING * * *
The jelly is almost dead.
The jelly hits you.
* * * LOW HITPOINT WARNING * * *
The acid corrodes you!
You are splashed with acid!
You die... #.#####.#.# #.§Js§§...# #######.###

You could see a jelly (very poisoned).

Vanquished Creatures
  A water moccasin zombie (D:3)
  A water moccasin skeleton (D:3)
  2 hound skeletons (D:3)
  An adder (D:3)
  An adder zombie (D:3)
  3 worms
  An orc (D:3)
  7 bats
  5 endoplasms
  4 giant cockroaches
  5 hobgoblins
  4 jackals (D:1)
  6 kobolds
  A quokka (D:1)
  5 ball pythons
  A ball python zombie (D:3)
  3 frilled lizards
  6 goblins
  A jackal zombie (D:3)
  2 rats (D:2)
60 creatures vanquished.

Notes
Turn   | Place    | Note
-------+----------+-------------------------------------------
     0 | D:1      | kae the Draconian Transmuter began the quest for the Orb.
     0 | D:1      | Reached XP level 1. HP: 16/16 MP: 3/3
   166 | D:1      | Reached XP level 2. HP: 23/23 MP: 3/5
   452 | D:1      | Reached skill level 3 in Transmutations
   850 | D:2      | Reached XP level 3. HP: 28/28 MP: 4/6
   854 | D:2      | Learned a level 3 spell: Spider Form
  1301 | D:2      | Found Qyronats's Weapon Emporium.
  1433 | D:2      | Found a faded altar of an unknown god.
  1756 | D:3      | Reached skill level 1 in Poison Magic
  1856 | D:3      | Reached XP level 4. HP: 34/35 MP: 8/8
  1900 | D:3      | Reached skill level 4 in Transmutations
  1900 | D:3      | Reached XP level 5. HP: 35/40 MP: 9/9
  1905 | D:3      | Learned a level 4 spell: Ice Form
  2004 | D:3      | Found Buwimn's Antique Weapon Shop.
  2471 | D:3      | Reached skill level 1 in Ice Magic
  3299 | D:4      | Splashed by a jelly's acid

Illustrated notes

Levels and vault maps discovered:
D:1:      eino_arrival_cavern_a, layout_rooms
D:2:      layout_basic, serial_shops, shop, chequers_ecumenical_altar_simple
D:3:      layout_loops_corners, serial_undead, serial_undead_e, serial_undead_d,
          serial_undead_b, serial_undead_c, serial_undead_b, serial_undead_c,
          serial_undead_c, serial_shops, nicolae_shop_statue_plus,
          minmay_hedge_maze, grunt_decor_junction, kennysheep_generic_room_4
D:4:      wad_river_or_something, layout_loops_ring, uniq_grinder

Skill      XL: |  1  2  3  4  5 |
---------------+----------------+-----
Transmutations | 3 4 |  4.6
Poison Magic   | 1 |  1.0
Spellcasting   | 3 |  3.3
Ice Magic      | 1 |  1.3
Fighting       | |  1.1
Dodging        | |  1.7
Unarmed Combat | |  3.0

Action                   |  1- 3 |  4- 6 || total
-------------------------+-------+-------++-------
Melee: Unarmed           |   123 |    68 ||   191
       Kick              |    22 |    18 ||    40
       Tailslap          |    17 |     7 ||    24
       Headbutt          |    14 |    11 ||    25
       Punch             |     2 |       ||     2
 Cast: Beastly Appendage |    27 |    12 ||    39
       Spider Form       |       |     1 ||     1
  Use: Scroll            |     2 |     2 ||     4
       Potion            |     1 |       ||     1
 Stab: Sleeping          |       |     1 ||     1
Armor: Skin              |    72 |    19 ||    91
Dodge: Dodged            |   106 |    40 ||   146

Table legend: (Time is in decaauts)
 A = Elapsed time spent in this place.
 B = Non-inter-level travel time spent in this place.
 C = Inter-level travel time spent in this place.
 D = Time resting spent in this place.
 E = Time spent auto-exploring this place.
 F = Levels seen in this place.
 G = Mean time per level.
                   A        B        C        D        E       F      G
               +--------+--------+--------+--------+--------+-----+--------+
         Total |   3290 |   3170 |    120 |    100 |   2572 |   4 |  822.5 |
       Dungeon |   3290 |   3170 |    120 |    100 |   2572 |   4 |  822.5 |
               +--------+--------+--------+--------+--------+-----+--------+

Top non-repeatable levels by time:
     D:3: 1541 daAuts
     D:2: 968 daAuts
     D:1: 771 daAuts
     D:4: 9 daAuts
